 Seeded DCSS version 0.32-a0-928-g1cae6b7ea0 (webtiles) character file.

Game seed: 202404121 (custom seed)

462465 Orlauf the Rapturous (level 22, -1/209 HPs)
             Began as a Demonspawn Gladiator on Apr 12, 2024.
             Was a High Priest of Uskayaw.
             Slain by a spriggan berserker
             ... wielding a +0 broad axe
              (40 damage)
             ... on level 1 of the Depths.
             The game lasted 01:53:49 (56627 turns).

Orlauf the Rapturous (Demonspawn Gladiator)        Turns: 56627, Time: 01:53:50

Health: -1/209     AC: 36    Str: 23    XL:     22   Next: 92%
Magic:  0/37       EV:  8    Int: 17    God:    Uskayaw [*****.]
Gold:   4706       SH: 13    Dex: 14    Spells: 21/21 levels left

rFire   + . .        a - +5 executioner's axe of Brutal Revenge {speed, rF+ Int+2}
rCold   + + +        (shield currently unavailable)
rNeg    + + +        w - +0 crystal plate armour
rPois   +            V - +2 helmet of Eternal Vigilance {rC+++ rN+++ SInv Stlth-}
rElec   .            (cloak unavailable)
rCorr   .            U - +2 pair of gloves {infuse}
SInv    +            c - +2 pair of boots {Fly}
Will    +....        m - amulet "Zaenn" {Reflect -Cast Rampage rF- SH+5 Stlth+} Stlth
                     J - ring of poison resistance
HPRegen 0.54/turn    Z - ring "Taeseid" {rF+ rC++ rN+ Int+3}
MPRegen 0.50/turn

%: no spellcasting, reflection, guardian spirit, rampage
@: flying, studying Shields
A: large bone plates 3, ignite blood 3, robust 1, magic shield, magic
regeneration, weakness stinger 3
}: 3/15 runes: barnacled, silver, gossamer
a: Renounce Religion, Stomp, Line Pass, Grand Finale


You were on level 1 of the Depths.
You worshipped Uskayaw.
Uskayaw was greatly pleased with you.
You visited 9 branches of the dungeon, and saw 40 of its levels.
You visited the Abyss 1 time.
You visited 1 bazaar.
You also visited: Trove, Bailey, Gauntlet, Ice Cave and Volcano.

You collected 8064 gold pieces.
You spent 3358 gold pieces at shops.

Inventory:

Hand Weapons
 a - the +5 executioner's axe of Brutal Revenge (weapon) {speed, rF+ Int+2}
   (You found it in a bailey)

   Int+2:     It affects your intelligence (+2).
   rF+:       It protects you from fire.
 b - a +1 battleaxe of flaming
 j - the +6 executioner's axe "Tiug" {heavy, Str+2}
   (You found it in a treasure trove)

   Str+2:     It affects your strength (+2).
 s - a +4 executioner's axe of electrocution
 u - the +6 executioner's axe of the Riding Sybil {speed, Dex+6}
   (You found it in a treasure trove)

   Dex+6:     It affects your dexterity (+6).
 v - the +5 Lochaber axe {reach-cleave, Poleaxe ^Drain}
   (You found it in a Gauntlet)

   Poleaxe:   It uses either Axes or Polearms skill, whichever is higher.
   ^Drain:    It drains your maximum health when unequipped.
 P - the +11 broad axe "Baxo" {freeze, rCorr Dex+7}
   (You acquired it on level 5 of the Vaults)

   Dex+7:     It affects your dexterity (+7).
   rCorr:     It protects you from acid and corrosion.
Missiles
 d - 6 throwing nets
 F - 33 javelins
 H - 6 silver javelins
Armour
 c - a +2 pair of boots of flying (worn)
 t - the +0 pair of boots of Lugonu's Envy {Will++ Dex+3}
   (You found it on level 4 of the Spider Nest)

   Dex+3:     It affects your dexterity (+3).
   Will++:    It greatly increases your willpower.
 w - a +0 crystal plate armour (worn)
 U - a +2 pair of gloves of infusion (worn)
 V - the +2 helmet of Eternal Vigilance (worn) {rC+++ rN+++ SInv Stlth-}
   (You found it in a Gauntlet)

   rC+++:     It renders you almost immune to cold.
   rN+++:     It renders you almost immune to negative energy.
   SInv:      It lets you see invisible.
   Stlth-:    It makes you less stealthy.
Jewellery
 m - the amulet "Zaenn" (around neck) {Reflect -Cast Rampage rF- SH+5 Stlth+}
   (You found it on level 3 of the Dungeon)

   [amulet of reflection]

   Reflect:   It reflects blocked missile attacks.
   rF-:       It makes you vulnerable to fire.
   -Cast:     It prevents spellcasting.
   SH+5:      It affects your SH (+5).
   Rampage:   It bestows one free step when moving towards enemies.
   Stlth+:    It makes you more stealthy.
 z - a ring of resist corrosion
 J - a ring of poison resistance (left hand)
 Y - a ring of magical power
 Z - the ring "Taeseid" (right hand) {rF+ rC++ rN+ Int+3}
   (You found it in a Gauntlet)

   [ring of positive energy]

   Int+3:     It affects your intelligence (+3).
   rF+:       It protects you from fire.
   rC++:      It greatly protects you from cold.
   rN+:       It protects you from negative energy.
Wands
 o - a wand of mindburst (37)
 B - a wand of charming (32)
 L - a wand of polymorph (25)
 N - a wand of flame (44)
 Q - a wand of digging (10)
 T - a wand of warping (25)
 W - a wand of light (23) (quivered)
Scrolls
 f - 4 scrolls of blinking
 h - 3 scrolls of brand weapon
 l - 4 scrolls of enchant armour
 n - a scroll of revelation
 r - 8 scrolls of enchant weapon
 y - 4 scrolls of fear
 D - 9 scrolls of teleportation
 E - 7 scrolls of fog
 K - 3 scrolls of immolation
Potions
 g - 6 potions of heal wounds
 i - 5 potions of berserk rage
 k - 18 potions of curing
 p - 5 potions of resistance
 x - 4 potions of haste
 C - a potion of magic
 G - 6 potions of might
 I - 9 potions of attraction
 M - 4 potions of enlightenment
 O - 7 potions of ambrosia
 R - a potion of invisibility
 S - 2 potions of mutation
Miscellaneous
 e - a tin of tremorstones (2/2)
 q - a Gell's gravitambourine (2/2)
 A - a phantom mirror
 X - a sack of spiders


   Skills:
 + Level 20.2 Fighting
 * Level 22.3 Axes
 - Level 1.7 Throwing
 + Level 18.0 Armour
 - Level 10.9 Dodging
 - Level 4.9 Shields
 + Level 23.4 Invocations


You had 21 spell levels left.
You didn't know any spells.
Your spell library contained the following spells:

 Spells                   Type           Power      Damage    Failure   Level
 Apportation              Tloc           0%         N/A       99%         1
 Foxfire                  Conj/Fire      0%         2x1d4     99%         1
 Freeze                   Ice            0%         1d3       99%         1
 Kiss of Death            Conj/Necr      0%         2d5       99%         1
 Magic Dart               Conj           0%         1d3       99%         1
 Necrotise                Necr           0%         1d4       99%         1
 Sandblast                Erth           0%         2d4       99%         1
 Sting                    Conj/Alch      0%         1d3       99%         1
 Summon Small Mammal      Summ           0%         N/A       99%         1
 Blink                    Tloc           0%         N/A       100%        2
 Call Imp                 Summ           0%         N/A       100%        2
 Cigotuvi's Dreadful Rot  Necr/Alch/Air  0%         N/A       100%        2
 Ensorcelled Hibernation  Hex/Ice        0%         N/A       100%        2
 Jinxbite                 Hex            0%         N/A       100%        2
 Lesser Beckoning         Tloc           0%         N/A       100%        2
 Momentum Strike          Conj/Tloc      0%         3d8       100%        2
 Searing Ray              Conj           0%         2d4       100%        2
 Sublimation of Blood     Necr           0%         N/A       100%        2
 Confusing Touch          Hex            0%         N/A       100%        3
 Dazzling Flash           Conj/Hex       0%         N/A       100%        3
 Frozen Ramparts          Ice            0%         1d1       100%        3
 Hailstorm                Conj/Ice       0%         3d5       100%        3
 Inner Flame              Hex/Fire       0%         N/A       100%        3
 Maxwell's Portable Pile  Tloc           0%         2d(5-13)  100%        3
 Mephitic Cloud           Conj/Alch/Air  0%         N/A       100%        3
 Ozocubu's Armour         Ice            0%         N/A       100%        3
 Passwall                 Erth           0%         N/A       100%        3
 Sigil of Binding         Hex            0%         N/A       100%        3
 Stone Arrow              Conj/Erth      0%         3d7       100%        3
 Swiftness                Air            0%         N/A       100%        3
 Teleport Other           Tloc           0%         N/A       100%        3
 Tukima's Dance           Hex            0%         N/A       100%        3
 Volatile Blastmotes      Fire/Tloc      0%         2d10      100%        3
 Anguish                  Hex/Necr       0%         N/A       100%        4
 Animate Armour           Summ/Erth      0%         N/A       100%        4
 Animate Dead             Necr           0%         N/A       100%        4
 Brom's Barrelling Bould  Conj/Erth      0%         2d3       100%        4
 Cause Fear               Hex            0%         N/A       100%        4
 Dispel Undead            Necr           0%         3d6       100%        4
 Flame Wave               Conj/Fire      0%         2d4       100%        4
 Fulminant Prism          Conj/Alch      0%         3d5       100%        4
 Ignite Poison            Fire/Alch      0%         N/A       100%        4
 Iskenderun's Mystic Bla Conj/Tloc 0%             2d3        (+2d1     100%        4
 Leda's Liquefaction      Alch/Erth      0%         N/A       100%        4
 Martyr's Knell           Necr/Summ      0%         N/A       100%        4
 Olgreb's Toxic Radiance  Alch           0%         N/A       100%        4
 Passage of Golubria      Tloc           0%         N/A       100%        4
 Petrify                  Alch/Erth      0%         N/A       100%        4
 Sticky Flame             Fire/Alch      0%         2d4       100%        4
 Arcjolt                  Conj/Air       0%         1d10      100%        5
 Borgnjor's Vile Clutch   Necr/Erth      0%         N/A       100%        5
 Curse of Agony           Necr           0%         N/A       100%        5
 Fireball                 Conj/Fire      0%         3d3       100%        5
 Freezing Cloud           Conj/Ice/Air   0%         6-21      100%        5
 Lee's Rapid Deconstruct  Erth           0%         3d4*      100%        5
 Metabolic Englaciation   Hex/Ice        0%         N/A       100%        5
 Silence                  Hex/Air        0%         N/A       100%        5
 Summon Forest            Summ/Tloc      0%         N/A       100%        5
 Summon Mana Viper        Hex/Summ       0%         N/A       100%        5
 Yara's Violent Unravell  Hex/Alch       0%         3d3       100%        5
 Bombard                  Conj/Erth      0%         9d1       100%        6
 Death Channel            Necr           0%         N/A       100%        6
 Permafrost Eruption      Ice/Erth       0%         2x4d1     100%        6
 Sculpt Simulacrum        Ice/Alch       0%         N/A       100%        6
 Summon Cactus Giant      Summ           0%         N/A       100%        6
 Enfeeble                 Hex            0%         N/A       100%        7
 Haunt                    Necr/Summ      0%         N/A       100%        7
 Malign Gateway           Summ/Tloc      0%         N/A       100%        7
 Ozocubu's Refrigeration  Ice            0%         4d7       100%        7
 Spellforged Servitor     Conj/Summ      0%         N/A       100%        7
 Summon Hydra             Summ           0%         N/A       100%        7
 Discord                  Hex            0%         N/A       100%        8
 Lehudib's Crystal Spear  Conj/Erth      0%         10d2      100%        8
 Maxwell's Capacitive Co  Air            0%         ∞         100%        8
 Summon Horrible Things   Summ           0%         N/A       100%        8
 Polar Vortex             Ice            0%         N/A       100%        9


Dungeon Overview and Level Annotations

Branches:
Dungeon (15/15)            Temple (1/1) D:5            Lair (5/5) D:8
 Shoals (4/4) Lair:3       Spider (4/4) Lair:2        Slime (0/5) Lair:4
    Orc (2/2) D:12            Elf (3/3) Orc:2        Vaults (5/5) D:14
  Crypt (0/3) Vaults:3     Depths (1/4) D:15         Bailey (visited)
  IceCv (visited)         Volcano (visited)         Gauntlet (visited)

Altars:
Ashenzari
Cheibriados
Dithmenos
Fedhas
Gozag
Hepliaklqana
Kikubaaqudgha
Makhleb
Nemelex Xobeh
Okawaru
Qazlal
Ru
Sif Muna
Trog
Uskayaw
Vehumet
Wu Jian
Xom
Yredelemnul
Jiyva

Shops:
D:1 [   D:3 :   D:6 (   D:14 (   Orc:2 [(((   Elf:1 *!*   Shoals:1 (
Shoals:2 (   Shoals:3 [   Shoals:4 [   Vaults:1 (   Vaults:5 *   Depths:1 [*[

Portals:
Pandemonium: Depths:1

Annotations:
D:4 3 runed translucent doors, Elsrick's ghost, amateur CoFi
Temple 2 transporters
Elf:2 3 runed translucent doors
Vaults:3 3 runed translucent doors, Qecvurom's ghost, adept DrRe


Innate Abilities, Weirdness & Mutations

You are completely covered in large bone plates. (SH +8)
Your demonic aura causes all spilled blood to erupt in flames.
You are robust. (+10% HP)
When hurt, damage is shared between your health and your magic reserves.
You regenerate magic rapidly.
You have a sharp stinger which inflicts weakening toxins.


Message History

You slice the elephant!! You slash the spriggan berserker!
You barely miss the ice dragon.
The spriggan berserker is engulfed in blazing flames.
You block the spriggan berserker's attack.
The elephant is engulfed in blazing flames.
The elephant tramples you!
You are shoved backwards!
The ice dragon is engulfed in blazing flames.
The spriggan air mage waves its arms in wide circles.
The air twists around and strikes you.
The spriggan berserker is engulfed in blazing flames.
The spriggan berserker hits you with a +0 broad axe!
The elephant is engulfed in blazing flames.
You slice the spriggan berserker!!
The spriggan berserker is heavily wounded.
You slash the elephant! You barely miss the spriggan air mage.
The spriggan berserker is engulfed in blazing flames.
You block the spriggan berserker's attack.
The ice dragon is engulfed in blazing flames.
The spriggan air mage hits you.
* * * LOW HITPOINT WARNING * * *
The elephant tramples you!!
* * * LOW HITPOINT WARNING * * *
You hold your ground!
The elephant misses you.
You completely miss the spriggan air mage.
The spriggan air mage is almost dead.
You slash the elephant!
You closely miss the spriggan berserker.
The spriggan berserker is engulfed in blazing flames.
You block the spriggan berserker's attack.
The elephant tramples you but does no damage.
The elephant trunk-slaps you but does no damage.
You closely miss the spriggan berserker.
The spriggan berserker is severely wounded.
You hit the elephant but do no damage. You slice the spriggan air mage!!
You kill the spriggan air mage!
You hear a splash.
The spriggan berserker is engulfed in blazing flames.
The spriggan berserker hits you with a +0 broad axe!!!
You die...
Your body falls in perfect tune with the rhythm.

...................##$$$#####
............##ß...##$$$$$#
..........###....#$$$$$$$+
.............∩#S$$_$$$+
..............#D$$$$$$+
.........ß...##$$$$$##
..........○...##$$$#
.......○Y)..).ß#####
.......@iuD......∩..
.....##.≈♣°........u ≈...
#.≈≈♣.)....... ≈.
...≈≈≈♣........
.....≈≈≈.....ß..
........≈≈≈≈≈≈...≈
..........≈≈≈≈≈.≈≈
..................
...............


You could see a golden dragon, a white very ugly thing, an ice dragon (pain
bonded), an elephant (summoned, berserk), a spriggan berserker (berserk) and a
guardian serpent.

Vanquished Creatures
  A dread lich (Vaults:3)
  Frederick (Vaults:4)
  An ancient lich (Vaults:5)
  Mara (Shoals:3)
  Sojobo (Vaults:4)
  Boris (Vaults:4)
  Margery (Vaults:5)
  2 golden dragons (Vaults:5)
  Arachne (Spider:4)
  Zenata (Vaults:4)
  A hellephant (Vaults:5)
  Mlioglotl (Shoals:4)
  A lich (IceCv)
  2 tentacled monstrosities (Vaults:5)
  Rupert (Spider:1)
  A titan (Vaults:5)
  2 deep elf blademasters (Elf:3)
  4 sphinxes
  2 deep elf master archers (Elf:3)
  Kirke (Spider:1)
  5 shadow dragons (Vaults:5)
  Roxanne (D:15)
  8 tengu reavers
  Donald (Shoals:3)
  2 storm dragons (Vaults:5)
  Aizul (Spider:1)
  2 fire giants
  Ilsuiw (Shoals:3)
  20 vault wardens
  2 deep elf sorcerers
  The ghost of Lummiemuuz the Rapturous, a journeyman DsGl of Uskayaw (Spider:3)
  The ghost of Weulukh the Fighter, an adept GrEE of Okawaru (Shoals:1)
  7 ghost moths
  3 emperor scorpions (Spider:4)
  An orc warlord (Vaults:3)
  4 deep elf elementalists
  A broodmother (Spider:3)
  Louise (D:15)
  6 very ugly things
  9 stone giants
  19 ironbound preservers
  6 formless jellyfish
  10 ironbound thunderhulks
  10 deep elf death magi
  7 deep elf demonologists
  A minotaur (Gauntlet)
  7 deep elf annihilators
  3 dire elephants (Vaults:2)
  7 war gargoyles
  4 crystal guardians
  6 ettins
  5 merfolk javelineers
  A fire dragon (Depths:1)
  14 yaktaur captains
  5 merfolk impalers
  6 deep elf high priests
  Josephine (D:11)
  6 great orbs of eyes
  3 entropy weavers
  A rakshasa (D:14)
  An ice dragon (Depths:1)
  2 ogre magi (Vaults:5)
  2 spriggan air magi (Depths:1)
  30 vault guards
  7 peacekeepers
  21 centaur warriors
  6 ironbound frosthearts
  An alligator snapping turtle (Shoals:4)
  2 death knights (Vaults:3)
  4 satyrs
  5 catoblepae
  3 two-headed ogres
  3 hydras
  11 boulder beetles
  A radroach (Spider:2)
  A torpor snail (shapeshifter) (Vaults:5)
  2 deep troll shamans (Depths:1)
  A tengu warrior (Depths:1)
  10 death yaks
  3 merfolk aquamancers
  7 death scarabs (Spider:4)
  15 dancing weapons
  4 deep troll earth magi (Depths:1)
  12 demonic crawlers
  A spriggan berserker (Depths:1)
  5 orc high priests (Orc:2)
  A hell hog (Volcano)
  3 hell knights (Vaults:5)
  20 deep elf knights
  4 skysharks
  3 iron trolls (Depths:1)
  8 pharaoh ants
  22 deep elf archers
  A shining eye (shapeshifter) (Vaults:5)
  3 shadow wraiths
  6 sea snakes
  4 bog bodies (IceCv)
  A death drake (shapeshifter) (Vaults:4)
  A flayed ghost (Vaults:5)
  A sun moth (Spider:2)
  An obsidian statue (IceCv)
  A glowing orange brain (shapeshifter) (Vaults:5)
  10 lindwurms
  3 spriggan simulacra (IceCv)
  An orb spider (shapeshifter) (Elf:2)
  3 phantasmal warriors (Vaults:5)
  5 orb spiders
  4 arcanists
  2 spectral wolf spiders (Spider:4)
  A lindwurm (shapeshifter) (Vaults:5)
  A wolf spider zombie (Spider:4)
  Pikel (D:7)
  12 steelbarb worms
  A golden dragon skeleton (Vaults:3)
  22 ironbound convokers
  42 deep trolls
  34 deep elf pyromancers
  2 obsidian bats
  4 thermic dynamos
  An eye of devastation (shapeshifter) (Vaults:5)
  15 harpies
  7 orc knights
  A harpy (shapeshifter) (D:15)
  7 orc sorcerers
  A wolf spider (shapeshifter) (Depths:1)
  25 deep elf zephyrmancers
  6 necromancers
  A tengu skeleton (Vaults:1)
  31 ugly things
  3 salamanders (Volcano)
  13 fauns
  18 wolf spiders
  A fire giant zombie (Vaults:2)
  7 cyclopes
  15 manticores
  A worldbinder (Gauntlet)
  8 kobold blastminers
  3 meliai (D:13)
  6 moths of wrath
  4 elephants (Lair:4)
  A stone giant skeleton (Vaults:2)
  8 merfolk sirens
  A guardian serpent (shapeshifter) (Vaults:5)
  An elephant (shapeshifter) (Elf:2)
  3 rust devils (D:12)
  5 water nymphs
  4 orange demons (D:12)
  3 torpor snails
  20 vault sentinels
  6 black mambas
  2 gargoyles (D:12)
  3 smoke demons (D:12)
  2 unseen horrors
  12 cane toads
  19 freezing wraiths
  A spectral redback (Spider:4)
  A tengu conjurer (D:15)
  A redback zombie (Spider:4)
  A yaktaur zombie (Vaults:2)
  26 yaktaurs
  7 rime drakes
  2 ice devils (IceCv)
  3 anaconda simulacra (IceCv)
  An efreet (D:13)
  6 komodo dragons
  2 human skeletons
  A yaktaur skeleton (Vaults:2)
  Psyche (D:9)
  3 trolls
  4 wind drakes
  A troll (shapeshifter) (Elf:3)
  4 tyrant leeches (Spider:3)
  16 tarantellas
  3 polar bears
  6 spectral tarantellas (Spider:4)
  A hellwing (D:12)
  A raiju (Gauntlet)
  10 blink frogs
  19 merfolk
  32 jumping spiders
  6 alligator simulacra (IceCv)
  2 spectral jumping spiders (Spider:4)
  A culicivora zombie (Spider:4)
  An ettin zombie (Vaults:3)
  A glass eye (Depths:1)
  A tarantella zombie (Spider:4)
  10 snapping turtles
  A raiju (shapeshifter) (D:13)
  10 dream sheep
  2 centaur simulacra
  45 slime creatures
  A shadow (D:11)
  7 water elementals
  6 air elementals
  A spriggan (shapeshifter) (Elf:1)
  20 culicivoras
  2 ynoxinuls (D:12)
  4 wyverns
  7 wraiths
  An elf simulacrum (Vaults:3)
  An elf zombie (Vaults:1)
  2 dire elephant simulacra (IceCv)
  6 wargs
  4 fire elementals
  4 hogs (Spider:1)
  8 basilisks
  39 yaks
  A human (shapeshifter) (Vaults:5)
  15 vampire mosquitoes
  A human (Spider:1)
  53 redbacks
  A minotaur simulacrum (IceCv)
  2 steam dragons
  A chaos spawn (D:12)
  4 harpy simulacra (IceCv)
  3 acid dragons
  14 water moccasins
  3 hell hounds (Volcano)
  A glowing shapeshifter zombie (Vaults:1)
  3 hydra simulacra (IceCv)
  35 orc warriors
  5 ice beasts
  A human zombie (Vaults:1)
  6 laughing skulls
  3 ogres
  A sky beast (D:8)
  A swamp drake (shapeshifter) (D:13)
  5 black bears
  An ettin simulacrum (IceCv)
  9 boggarts
  27 centaurs
  26 wolves
  2 phantoms (D:5)
  A kobold brigand (D:8)
  3 lemures (D:7)
  A weeping skull (Gauntlet)
  5 bullfrogs
  An earth elemental (Elf:1)
  A scorpion (Lair:2)
  10 wights
  2 lindwurm simulacra (IceCv)
  16 killer bees
  4 electric eels
  6 howler monkeys
  2 jellies (D:6)
  2 hounds
  2 gnoll boudas
  17 orc priests
  2 iguanas
  19 orc wizards
  2 sleepcaps (D:8)
  7 hell rats (Lair:4)
  Robin (D:2)
  12 gnolls
  6 adders
  2 shadow imps
  5 white imps
  4 ufetubi (D:14)
  2 dart slugs
  7 ribbon worms
  102 orcs
  5 bats
  4 endoplasms
  5 giant cockroaches
  15 goblins
  19 hobgoblins
  4 jackals (D:1)
  6 kobolds
  6 quokkas
  2 ball pythons
  5 frilled lizards
  A rat (D:2)
1764 creatures vanquished.

Vanquished Creatures (others)
  A deep elf death mage (Elf:3)
  A war gargoyle (Vaults:5)
  A vault guard (D:14)
  A deep elf knight (Elf:2)
  A deep elf archer (Elf:3)
  A deep elf pyromancer (Elf:1)
  A manticore (Shoals:3)
  A wolf spider (Vaults:5)
  A human (Spider:1)
  2 orc wizards
11 creatures vanquished.

Grand Total: 1775 creatures vanquished

Notes
Turn   | Place    | Note
-------+----------+-------------------------------------------
     0 | D:1      | Orlauf the Demonspawn Gladiator began the quest for the
                  | Orb.
     0 | D:1      | Reached XP level 1. HP: 16/16 MP: 1/1
    84 | D:1      | Gained mutation: You have a small tail. [demonic ancestry]
    84 | D:1      | Reached XP level 2. HP: 2/22 MP: 2/2
    85 | D:1      | HP: 1/22 [jackal (1)]
   326 | D:1      | Noticed an animated gold dragon scales
   327 | D:1      | Found Piduisk's Armour Shoppe.
   328 | D:1      | Noticed an animated plate armour
   952 | D:2      | Reached XP level 3. HP: 27/28 MP: 3/3
  1314 | D:2      | Noticed Robin
  1341 | D:2      | Reached XP level 4. HP: 27/34 MP: 4/4
  1342 | D:2      | Killed Robin
  1779 | D:3      | Identified the amulet "Zaenn" {Reflect -Cast Rampage rF-
                  | SH+5 Stlth+}
  1990 | D:3      | Found a faded altar of an unknown god.
  2029 | D:3      | Gained mutation: You regenerate magic rapidly. [demonic
                  | ancestry]
  2029 | D:3      | Reached XP level 5. HP: 41/41 MP: 5/5
  2260 | D:3      | Found Casemm's Book Shoppe.
  2726 | D:4      | Found an ancient bone altar of Kikubaaqudgha.
  2780 | D:4      | Reached skill level 5 in Axes
  3320 | D:4      | Found a runed translucent gate.
  3320 | D:4      | Found a runed translucent gate.
  3321 | D:4      | Found a runed translucent gate.
  3326 | D:4      | Noticed Elsrick's ghost (amateur CoFi)
  3405 | D:5      | Entered Level 5 of the Dungeon
  3405 | D:5      | Found a blossoming altar of Fedhas.
  3448 | D:5      | Noticed an ogre
  3470 | D:5      | Noticed an ice beast
  3497 | D:5      | Killed an ice beast
  3498 | D:5      | Gained mutation: Your demonic aura sometimes causes spilled
                  | blood to erupt in flames. [demonic ancestry]
  3498 | D:5      | Reached XP level 6. HP: 14/48 MP: 6/6
  3659 | D:5      | Reached skill level 10 in Axes
  3659 | D:5      | Reached skill level 5 in Armour
  3659 | D:5      | Gained mutation: You have a tail ending in a sharp stinger.
                  | [demonic ancestry]
  3659 | D:5      | Reached XP level 7. HP: 61/61 MP: 7/7
  3931 | D:5      | Reached XP level 8. HP: 64/68 MP: 8/8
  4057 | D:5      | Found a staircase to the Ecumenical Temple.
  4203 | Temple   | Found a transporter.
  4203 | Temple   | Found a transporter.
  4203 | Temple   | Found a transporter.
  4203 | Temple   | Found a transporter.
  4203 | Temple   | Entered the Ecumenical Temple
  5461 | D:6      | Found Namut's Weapon Shoppe.
  5636 | D:6      | Gained mutation: You are partially covered in large bone
                  | plates. (SH +4) [demonic ancestry]
  5636 | D:6      | Reached XP level 9. HP: 63/75 MP: 9/9
  5719 | D:6      | Found a hide-covered altar of Uskayaw.
  5726 | D:6      | Became a worshipper of Uskayaw the Reveller
  5736 | D:6      | Found a shadowy altar of Dithmenos.
  6173 | D:7      | Reached * piety under Uskayaw
  6223 | D:7      | Reached ** piety under Uskayaw
  6229 | D:7      | Reached *** piety under Uskayaw
  6241 | D:7      | Reached **** piety under Uskayaw
  6426 | D:7      | Reached skill level 1 in Invocations
  6469 | D:7      | Found a flagged portal.
  6485 | Bailey   | Entered a bailey
  6919 | Bailey   | Reached skill level 2 in Invocations
  7322 | Bailey   | Reached ***** piety under Uskayaw
  7323 | Bailey   | Reached skill level 3 in Invocations
  7554 | Bailey   | Identified the +5 executioner's axe of Brutal Revenge
                  | {speed, rF+ Int+2}
  7630 | Bailey   | Gained mutation: Your demonic aura often causes spilled
                  | blood to erupt in flames. [demonic ancestry]
  7630 | Bailey   | Reached XP level 10. HP: 83/83 MP: 12/12
  8007 | D:7      | Noticed Pikel
  8014 | D:7      | Killed Pikel
  8015 | D:7      | Reached skill level 4 in Invocations
  8268 | D:8      | Found a staircase to the Lair.
  8289 | D:8      | Reached skill level 10 in Fighting
  8290 | D:8      | Reached ****** piety under Uskayaw
  8567 | D:8      | Reached skill level 5 in Invocations
  8809 | D:8      | Found a burning altar of Makhleb.
  9553 | D:9      | Noticed a two-headed ogre
  9553 | D:9      | Noticed Psyche
  9560 | D:9      | Killed Psyche
  9561 | D:9      | Killed a two-headed ogre
  9562 | D:9      | Gained mutation: You are mostly covered in large bone
                  | plates. (SH +6) [demonic ancestry]
  9562 | D:9      | Reached XP level 11. HP: 66/92 MP: 13/15
  9680 | D:9      | Reached skill level 6 in Invocations
 10252 | D:10     | Entered Level 10 of the Dungeon
 10313 | D:10     | Found a portal to a secret trove of treasure.
 10832 | D:10     | Reached skill level 7 in Invocations
 11461 | D:11     | Noticed Josephine
 11471 | D:11     | Killed Josephine
 12079 | D:11     | Noticed a green ugly thing
 12088 | D:11     | Killed a green ugly thing
 12472 | D:12     | Reached skill level 8 in Invocations
 12521 | D:12     | Reached XP level 12. HP: 102/102 MP: 18/18
 12784 | D:12     | Noticed a boulder beetle
 12789 | D:12     | Killed a boulder beetle
 12907 | D:12     | Reached skill level 9 in Invocations
 12909 | D:12     | HP: 4/103 [gargoyle/+0 flail (16)]
 13298 | D:12     | Found a staircase to the Orcish Mines.
 13580 | D:12     | Noticed a boulder beetle
 13592 | D:12     | Killed a boulder beetle
 14208 | Lair:1   | Entered Level 1 of the Lair of Beasts
 14282 | Lair:1   | Reached skill level 10 in Invocations
 14941 | Lair:2   | Noticed a four-headed hydra
 14951 | Lair:2   | Killed a two-headed hydra
 14952 | Lair:2   | Gained mutation: Your demonic aura causes all spilled blood
                  | to erupt in flames. [demonic ancestry]
 14952 | Lair:2   | Reached XP level 13. HP: 102/109 MP: 20/20
 14997 | Lair:2   | Found a dark tunnel.
 15002 | Volcano  | Entered a volcano
 15620 | Lair:2   | Reached skill level 11 in Invocations
 15639 | Lair:2   | Found a hole to the Spider Nest.
 15823 | Lair:2   | Reached skill level 10 in Armour
 15839 | Lair:2   | Identified the +7 quarterstaff of Larchepi {flame, ^Contam
                  | rN+ Str+4 Dex-5}
 16207 | Lair:2   | Identified the +5 scimitar "Oniokat" {venom, rPois rN+
                  | Str+3}
 16827 | Lair:3   | Reached skill level 12 in Invocations
 17146 | Lair:3   | Found a staircase to the Shoals.
 17892 | Lair:4   | Gained mutation: You have a sharp stinger which inflicts
                  | weakening toxins. [demonic ancestry]
 17892 | Lair:4   | Reached XP level 14. HP: 101/116 MP: 23/23
 18077 | Lair:5   | Entered Level 5 of the Lair of Beasts
 18199 | Lair:5   | Reached skill level 15 in Axes
 18294 | Lair:5   | Reached skill level 13 in Invocations
 18339 | Lair:5   | Got an earthy gem with 124 turns to spare
 19367 | Lair:4   | Found a staircase to the Slime Pits.
 19368 | Lair:4   | Found a viscous altar of Jiyva.
 19862 | Orc:1    | Entered Level 1 of the Orcish Mines
 20104 | Orc:2    | Entered Level 2 of the Orcish Mines
 20693 | Orc:2    | Reached skill level 14 in Invocations
 20716 | Orc:2    | Found a staircase to the Elven Halls.
 20993 | Orc:2    | Found Kehorod's Antique Weapon Shoppe.
 20993 | Orc:2    | Paralysed by an orc sorcerer for 4 turns
 21024 | Orc:2    | Reached XP level 15. HP: 97/122 MP: 25/25
 21039 | Orc:2    | Found Qibaneb's Weapon Shop.
 21239 | Orc:2    | Found Peceq's Weapon Shop.
 21248 | Orc:2    | Found Biaczoro's Armour Shoppe.
 21458 | Orc:2    | Bought an ancient battleaxe for 391 gold pieces
 21458 | Orc:2    | Identified the +3 battleaxe of Eternal Night {freeze,
                  | *Corrode rPois Str-3 Int+8} (You bought it in a shop on
                  | level 2 of the Orcish Mines)
 21470 | Orc:2    | Bought a +2 pair of gloves of infusion for 215 gold pieces
 22456 | D:13     | Identified the +8 hand axe of Exchange {freeze, rElec
                  | Str+5}
 23039 | D:14     | Found Neifaph's Weapon Shop.
 23090 | D:14     | Reached skill level 15 in Invocations
 23107 | D:14     | Found a gate to the Vaults.
 23186 | D:14     | Found a gate leading to a gauntlet.
 23196 | Gauntlet | Entered a Gauntlet
 23196 | Gauntlet | Found a transporter.
 23259 | Gauntlet | Found a transporter.
 23264 | Gauntlet | Found a transporter.
 23271 | Gauntlet | Found a transporter.
 23286 | Gauntlet | Found a transporter.
 23305 | Gauntlet | Found a transporter.
 23307 | Gauntlet | Found the dreamshard necklace {Acrobat *Dream}
 23317 | Gauntlet | Found a transporter.
 23329 | Gauntlet | Found a transporter.
 23341 | Gauntlet | Found a transporter.
 23353 | Gauntlet | Found a transporter.
 23370 | Gauntlet | Found a transporter.
 23387 | Gauntlet | Found a transporter.
 23389 | Gauntlet | Found a transporter.
 23419 | Gauntlet | Found a transporter.
 23419 | Gauntlet | Found a transporter.
 23421 | Gauntlet | Found a transporter.
 23451 | Gauntlet | Found a transporter.
 23453 | Gauntlet | Found a transporter.
 23650 | Gauntlet | Identified the +2 helmet of Eternal Vigilance {rC+++ rN+++
                  | SInv Stlth-}
 23685 | Gauntlet | Identified the +6 quarterstaff of Cutyegy {venom, rElec
                  | Str+2 SInv Stlth-}
 23686 | Gauntlet | Found the +5 Lochaber axe {reach-cleave, Poleaxe ^Drain}
 23887 | Gauntlet | Identified the +5 great sword of Impermanence {antimagic,
                  | rPois Will+++ Dex-5 Stlth-}
 23887 | Gauntlet | Identified the ring "Taeseid" {rF+ rC++ rN+ Int+3}
 24489 | D:14     | Got the Spellbook of Embers and the Ground
 24944 | D:15     | Entered Level 15 of the Dungeon
 24963 | D:15     | Noticed Louise
 24973 | D:15     | Killed Louise
 25084 | D:15     | Noticed Roxanne
 25100 | D:15     | Killed Roxanne
 25832 | D:15     | Found a staircase to the Depths.
 26096 | Elf:1    | Entered Level 1 of the Elven Halls
 26111 | Elf:1    | Reached skill level 16 in Invocations
 26111 | Elf:1    | Reached XP level 16. HP: 45/129 MP: 21/28
 26870 | Elf:1    | Found Botiss's Assorted Antiques.
 27094 | Elf:1    | Found Nixunn's Distillery.
 27094 | Elf:1    | Found Damnot's General Store.
 27124 | Elf:1    | Bought a potion of enlightenment for 80 gold pieces
 27134 | Elf:1    | Bought a potion of heal wounds for 70 gold pieces
 27134 | Elf:1    | Bought a potion of curing for 42 gold pieces
 27134 | Elf:1    | Bought 2 potions of curing for 84 gold pieces
 27134 | Elf:1    | Bought a potion of curing for 42 gold pieces
 27134 | Elf:1    | Bought a potion of curing for 42 gold pieces
 27331 | Elf:1    | Paralysed by an air elemental for 1 turns
 27551 | Elf:1    | Paralysed by an air elemental for 1 turns
 27839 | Elf:2    | Found a runed translucent gate.
 27845 | Elf:2    | Found a runed translucent gate.
 27845 | Elf:2    | Found a runed translucent gate.
 27862 | Elf:2    | Reached skill level 17 in Invocations
 28612 | Elf:2    | Reached XP level 17. HP: 115/138 MP: 27/29
 28724 | Elf:2    | Paralysed by an air elemental for 1 turns
 29146 | Elf:3    | Entered Level 3 of the Elven Halls
 29261 | Elf:3    | Found a flickering gateway to a bazaar.
 29354 | Bazaar   | Entered a bazaar
 29381 | Bazaar   | Found Faeppudu's Antique Armour Shoppe.
 29399 | Bazaar   | Found Qojiaref's Antique Weapon Emporium.
 29464 | Bazaar   | Found Ucollism's Antique Armour Shoppe.
 29508 | Bazaar   | Bought a pair of transparent gloves for 275 gold pieces
 29508 | Bazaar   | Identified the +0 pair of gloves "Ciehergh" {Harm Fly
                  | Str+5} (You bought it in a shop in a bazaar)
 29580 | Bazaar   | Bought a distressingly furry plate armour for 812 gold
                  | pieces
 29580 | Bazaar   | Identified the +0 plate armour of Xeqol {Harm Str+4 Dex-4
                  | SInv} (You bought it in a shop in a bazaar)
 29648 | Elf:3    | Found an ancient bone altar of Kikubaaqudgha.
 29652 | Elf:3    | Paralysed by an air elemental for 1 turns
 29742 | Elf:3    | Noticed a deep elf blademaster
 29755 | Elf:3    | Noticed a deep elf blademaster
 29761 | Elf:3    | Killed a deep elf blademaster
 29762 | Elf:3    | Noticed a Brimstone Fiend
 29762 | Elf:3    | Noticed a Tzitzimitl
 29765 | Elf:3    | Killed a ghostly deep elf blademaster
 29765 | Elf:3    | Killed a deep elf blademaster
 29766 | Elf:3    | Killed a ghostly deep elf blademaster
 30127 | Elf:3    | Noticed a deep elf master archer
 30128 | Elf:3    | Noticed a deep elf master archer
 30155 | Elf:3    | Killed a deep elf master archer
 30157 | Elf:3    | Killed a deep elf master archer
 30386 | Elf:3    | Noticed a Brimstone Fiend
 30387 | Elf:3    | Reached skill level 18 in Invocations
 30651 | Elf:3    | Identified the +2 orcbow "Duogy" {drain, MP+9 Int+3 Dex-3}
 30670 | Elf:3    | Identified the +4 scale mail of Moomoeri {^Contam Harm
                  | rPois}
 30691 | Elf:3    | Identified the +7 rapier "No More Talking" {flame, rC+ MP+9
                  | Str-5 Dex+6}
 30705 | Elf:3    | Got the Guidebook on Burning Fulmination
 30711 | Elf:3    | Identified the +6 rapier of the Resonant God {freeze, rN+
                  | SInv}
 30846 | Elf:3    | Reached skill level 15 in Fighting
 31709 | Shoals:1 | Entered Level 1 of the Shoals
 31843 | Shoals:1 | Found Dex Boco's Antique Weapon Shop.
 32295 | Shoals:1 | Found a runed translucent door.
 32296 | Shoals:1 | Noticed Weulukh's ghost (adept GrEE)
 32362 | Shoals:1 | Killed Weulukh's ghost
 33056 | Shoals:2 | Found Vuinapn's Weapon Boutique.
 33599 | Shoals:3 | Found a glacial archway.
 33868 | IceCv    | Entered an ice cave
 34151 | IceCv    | Gained mutation: You are completely covered in large bone
                  | plates. (SH +8) [demonic ancestry]
 34151 | IceCv    | Reached XP level 18. HP: 127/151 MP: 23/31
 34248 | IceCv    | Found an ancient bone altar of Kikubaaqudgha.
 34503 | IceCv    | Noticed a lich
 34515 | IceCv    | Killed a lich
 34660 | IceCv    | Got the Papyrus of Shadowy Refrigeration
 34953 | Shoals:3 | Noticed Mara
 34963 | Shoals:3 | Noticed Orlauf's illusion
 34965 | Shoals:3 | Killed Mara
 35070 | Shoals:3 | Noticed Donald
 35078 | Shoals:3 | Killed Donald
 35192 | Shoals:3 | Noticed Ilsuiw
 35207 | Shoals:3 | Killed Ilsuiw
 35209 | Shoals:3 | Reached skill level 19 in Invocations
 35714 | Shoals:3 | Found Daniel's Dragon-Slaying Spoils.
 35722 | Shoals:3 | Bought +1 gold dragon scales for 1305 gold pieces
 36091 | D:10     | You paid a toll of +2 gold dragon scales to enter a
                  | treasure trove
 36092 | Trove    | Entered a treasure trove
 36106 | Trove    | Identified the +6 executioner's axe of the Riding Sybil
                  | {speed, Dex+6}
 36107 | Trove    | Identified the +3 scimitar of the Spinneret {flame, rElec
                  | rF+ Str-4}
 36133 | Trove    | Identified the +1 broad axe of the Reaper {flame, rN++
                  | Int+5 Dex-2}
 36147 | Trove    | Identified the +6 executioner's axe "Tiug" {heavy, Str+2}
 36149 | Trove    | Identified the +3 demon trident of the Hidden Beggars
                  | {drain, ^Contam rC- rN+++ SInv}
 36446 | Shoals:4 | Entered Level 4 of the Shoals
 36446 | Shoals:4 | Found Atipeg's Armour Shop.
 36901 | Shoals:4 | Reached skill level 15 in Armour
 37080 | Shoals:4 | Got the Treatise on Hyperbolic Curses
 37201 | Shoals:4 | Noticed Mlioglotl
 37213 | Shoals:4 | Killed Mlioglotl
 38333 | Shoals:4 | Got a barnacled rune of Zot
 38934 | Vaults:1 | Entered Level 1 of the Vaults
 39363 | Vaults:1 | Found Emale's Weapon Emporium.
 40168 | Vaults:1 | Gained mutation: When hurt, damage is shared between your
                  | health and your magic reserves. [demonic ancestry]
 40168 | Vaults:1 | Reached XP level 19. HP: 161/161 MP: 28/32
 40999 | Vaults:2 | Reached skill level 1 in Shields
 41136 | Vaults:2 | Reached skill level 20 in Invocations
 41948 | Vaults:2 | Paralysed by a formless jellyfish for 1 turns
 42051 | Vaults:2 | Identified the +1 robe of Beogh's Generosity {Rampage
                  | Regen+ Str-4 Dex+5}
 43399 | Vaults:3 | Found a runed translucent gate.
 43399 | Vaults:3 | Found a runed translucent gate.
 43404 | Vaults:3 | Found a runed translucent gate.
 43406 | Vaults:3 | You are sucked into a shaft and drop 1 floor!
 43478 | Vaults:4 | Noticed Zenata
 43495 | Vaults:4 | Killed Zenata
 44126 | Vaults:4 | Paralysed by a sphinx for 5 turns
 44150 | Vaults:3 | Reached XP level 20. HP: 102/171 MP: 15/34
 44184 | Vaults:3 | Reached skill level 5 in Dodging
 44594 | Vaults:3 | Noticed Qecvurom's ghost (adept DrRe)
 44597 | Vaults:3 | Found an iron altar of Okawaru.
 44721 | Vaults:3 | Noticed a dread lich
 44729 | Vaults:3 | Killed a dread lich
 45175 | Vaults:3 | Found a staircase to the Crypt.
 45597 | Vaults:4 | Identified the orb of Prudence {light, Slay+4}
 45597 | Vaults:4 | Noticed Frederick
 45605 | Vaults:4 | Killed Frederick
 45606 | Vaults:4 | Reached skill level 21 in Invocations
 45901 | Vaults:4 | Noticed Sojobo
 45907 | Vaults:4 | Killed Sojobo
 46156 | Vaults:4 | Identified the +4 robe of the Alphagorgon {rElec}
 46156 | Vaults:4 | Noticed Boris
 46168 | Vaults:4 | Killed Boris
 46869 | Vaults:5 | Entered Level 5 of the Vaults
 46915 | Vaults:5 | Gained mutation: You are robust. (+10% HP) [demonic
                  | ancestry]
 46915 | Vaults:5 | Reached XP level 21. HP: 157/196 MP: 1/35
 46964 | Abyss:2  | Cast into level 2 of the Abyss (a deep elf sorcerer)
 46979 | Vaults:5 | Escaped the Abyss
 47020 | Vaults:5 | Identified the ring "Lucsoem" {Ice Int+4 Dex+3}
 47041 | Vaults:5 | Identified the +7 long sword "Beastbane" {speed, rC+ Int+3}
 47606 | Vaults:5 | Identified the staff "Fautz" {^Fragile rElec rPois rC+++
                  | Dex-3 Air}
 47640 | Vaults:5 | Reached skill level 22 in Invocations
 47651 | Vaults:5 | Identified the +8 quarterstaff of the Endless Mice {flame,
                  | Dex+5}
 47691 | Vaults:5 | Identified the +4 dagger "Bebejoj" {flame, ^Drain rPois
                  | Int+3}
 47979 | Vaults:5 | Noticed Margery
 47983 | Vaults:5 | Identified the +2 ring mail of the Blind Marksman {rF+}
 47989 | Vaults:5 | Killed Margery
 47990 | Vaults:5 | Reached skill level 10 in Dodging
 48212 | Vaults:5 | Got a silver rune of Zot
 48256 | Vaults:5 | Identified the staff "Royliag" {rPois rF+ Alchemy}
 48406 | Vaults:5 | Identified the +1 ring mail of the Circus Animal {rF+ Int-3
                  | Dex+3}
 48785 | Vaults:5 | Noticed a golden dragon
 48790 | Vaults:5 | Killed a golden dragon
 49328 | Vaults:5 | Noticed an ancient lich
 49329 | Vaults:5 | Found Macibbad's Assorted Antiques.
 49329 | Vaults:5 | Noticed a golden dragon
 49336 | Vaults:5 | Killed an ancient lich
 49347 | Vaults:5 | Killed a golden dragon
 49640 | Vaults:5 | Identified a scroll of acquirement
 49641 | Vaults:5 | Acquired the +11 broad axe "Baxo" {freeze, rCorr Dex+7}
 49962 | Spider:1 | Entered Level 1 of the Spider Nest
 49962 | Spider:1 | Identified the serpent talisman of the Sacrificial Victim
                  | {rN+ Dex+4}
 49962 | Spider:1 | Noticed Aizul
 49970 | Spider:1 | Killed Aizul
 50143 | Spider:1 | Reached XP level 22. HP: 201/206 MP: 14/37
 50625 | Spider:1 | Noticed Kirke
 50635 | Spider:1 | Killed Kirke
 50768 | Spider:1 | Noticed Rupert
 50781 | Spider:1 | Killed Rupert
 52979 | Spider:3 | Found a runed translucent gate.
 52993 | Spider:3 | Found a runed translucent gate.
 53028 | Spider:3 | Found a runed translucent gate.
 53538 | Spider:3 | Identified the +1 shortbow "Beetle's Death Toll" {heavy,
                  | rElec Will+ rCorr Int+2}
 54393 | Spider:3 | Noticed Lummiemuuz's ghost (journeyman DsGl)
 54408 | Spider:3 | Killed Lummiemuuz's ghost
 54414 | Spider:3 | Got the Atlas of Conflict
 54450 | Spider:4 | Entered Level 4 of the Spider Nest
 54681 | Spider:4 | Reached skill level 23 in Invocations
 55082 | Spider:4 | Noticed Arachne
 55097 | Spider:4 | Killed Arachne
 55822 | Spider:4 | Got a gossamer rune of Zot
 55833 | Spider:4 | Identified the +0 pair of boots of Lugonu's Envy {Will++
                  | Dex+3}
 56366 | Depths:1 | Entered Level 1 of the Depths
 56391 | Depths:1 | Found Gozag's Antique Armour Shoppe.
 56408 | Depths:1 | Found a one-way gate leading to the halls of Pandemonium.
 56409 | Depths:1 | Found Gozag's Assorted Antiques.
 56472 | Depths:1 | Noticed a golden dragon
 56584 | Depths:1 | Found an opulent altar of Gozag.
 56593 | Depths:1 | Found Gozag's Antique Armour Emporium.
 56627 | Depths:1 | Slain by a spriggan berserker

Illustrated notes

Levels and vault maps discovered:
D:1:      lightli_arrival_flooded_house, layout_loops_cross, serial_shops,
          nicolae_shop_mannequins, serial_bayou_lake_a
D:2:      layout_basic, uniq_robin
D:3:      minmay_inner_zag, layout_basic, basic_ecumenical_altar, serial_shops,
          shop, hex_tiny
D:4:      layout_rooms, kiku_gazebo_garden_becter, gammafunk_ghost_necromancy,
          minmay_misc_feat_square
D:5:      layout_layer_cave, mainiacjoe_overflow_cross_hatched,
          minmay_temple_entry_antechambers
D:6:      layout_cave_pools, mainiacjoe_overflow_big_doors, serial_shops, shop
D:7:      layout_loops_corners, enter_bailey_4, uniq_pikel
D:8:      layout_loops_ring, overflow_temple_1_default,
          due_lair_maze_entry_diamond, centaur_isle
D:9:      layout_roguey, kennysheep_generic_room_14, uniq_psyche
D:10:     layout_cave_pods, nicolae_trove_entry_isolated
D:11:     layout_roguey, minivault_22, uniq_josephine
D:12:     layout_irregular_city, orc_0_dummy, serial_demonic, serial_demonic_c,
          serial_demonic_e, serial_demonic_e, serial_demonic_b,
          serial_demonic_a, serial_demonic_g, serial_demonic_c,
          serial_demonic_d, kennysheep_generic_room_13
D:13:     layout_rooms, chequers_serial_rivers_small_3, serial_bayou_crossing
D:14:     layout_irregular_city, david_vaults_5, gauntlet_entry_generic,
          serial_shops, nicolae_shop_real_fake_doors, serial_ice, serial_ice_d,
          serial_ice_h, serial_ice_b, serial_ice_f, serial_ice_g, serial_ice_a,
          serial_ice_o, serial_ice_i, serial_ice_m, serial_ice_c, minivault_5
D:15:     gammafunk_enter_depths_forms, layout_rooms, nicolae_eternal_life,
          uniq_louise, uniq_roxanne
Temple:   hellmonk_temple_divided_pantheon
Lair:1:   layout_regular_city
Lair:2:   layout_regular_city, nicolae_spider_entry_non_spiders,
          enter_volcano_4, pdpol_lair_cavern_descent, serial_bayou_shore_b
Lair:3:   layout_regular_city, mainiacjoe_shoals_entry_four_pools, st_stairs_13
Lair:4:   layout_misc_corridors, slime_entry_1, ldierk_geyser
Lair:5:   evilmike_catoblepas_cave, layout_long_grid
Shoals:1: layout_shoals, serial_shops, shop, ebering_ghost_reflecting_pool
Shoals:2: layout_shoals, nicolae_stop_n_shop_2
Shoals:3: layout_shoals, portal_ice_cave_entry_frozen_things,
          nicolae_shop_dragon_depot, uniq_ilsuiw, uniq_donald, uniq_mara
Shoals:4: shoals_end_hangedman, layout_shoals, serial_shops, shop_coins,
          uniq_mlioglotl
Spider:1: layout_chambers, hellmonk_narrow_tunnel, uniq_kirke, uniq_aizul,
          uniq_rupert
Spider:2: layout_chambers
Spider:3: layout_chambers, ebering_ghost_rock_garden,
          hangedman_stitches_earthworm
Spider:4: floodkiller_spider_rune_tomb, nicolae_spider_nooks_and_crannies,
          uniq_arachne
Orc:1:    layout_caves
Orc:2:    st_orc_elflike, layout_diamond_mine,
          regret_index_minedec_guest_junction
Elf:1:    minmay_elf_arrival_circle, layout_geoelf_octagon, serial_shops,
          nicolae_shop_gibbet_a_chance, guppyfry_library_mini,
          item_on_display_a, minmay_shoptagon
Elf:2:    elven_hall_of_blades_hangedman_original [mumra_blade_entry_bloodbath],
          layout_geoelf_diagonals, einodemon_crawler_minivault
Elf:3:    elf_hall, layout_loops_cross, serial_shops, bzr_entry_safe,
          basic_altar
Vaults:1: hangedman_vaults_capsules, ontoclasm_vaults_chip, vaults_dpeg_hooks,
          ontoclasm_vaults_echo, nicolae_vaults_trapezoid_lopsided_3,
          nicolae_vaults_network_barrier, ontoclasm_vaults_tryst,
          vaults_standard_mumra_lines, vaults_room_fours, v_misc_9,
          nicolae_vaults_trapezoid_lopsided_1, v_misc_8,
          nicolae_vaults_double_plus_2, vaults_mumra_lcd,
          nicolae_vaults_storage_room_glass, layout_vaults_omnibox,
          serial_shops, shop_fountains
Vaults:2: nicolae_vaults_closet_pinwheel_3, ontoclasm_vaults_eye,
          hangedman_vaults_hard_town_square, nicolae_vaults_tetromino_L_2,
          nicolae_vaults_tetromino_L_2, ontoclasm_vaults_bender,
          vaults_room_hallway, vaults_room_stairs_pillars,
          layout_vaults_omnigrid
Vaults:3: gammafunk_ghost_fury_of_okawaru, nicolae_vaults_wine_cellar,
          nicolae_vaults_closet_pinwheel_5, nicolae_vaults_twisting_passages,
          v_pattern_3, blue_anna_dwarven_crypt, nicolae_vaults_alarming,
          nicolae_vaults_trapezoid_layered, layout_vaults_chaotic_city
Vaults:4: nicolae_vaults_lightning_bolt, vaults_room_octagon,
          nicolae_vaults_offset_grid_hallway_3, hangedman_vaults_hat,
          ontoclasm_vaults_spin, hangedman_vaults_maws, grunt_vaults_twisty,
          hangedman_vaults_restitches, nicolae_vaults_hallways_thing,
          nicolae_vaults_gold_heap, v_rooms_4, nicolae_vaults_asterisk,
          grunt_vaults_hallway_long, layout_vaults_maze_bifur, uniq_frederick,
          uniq_boris, uniq_zenata, uniq_sojobo
Vaults:5: uniq_margery
Depths:1: kennysheep_gozag_temple, layout_cave_shapes, hell_entry,
          chequers_serial_rivers_small_b, pan_entry, serial_shops, shop,
          kennysheep_okawaru_gauntlet, minmay_shop_grove, serial_bayou_shore_b

Skill      XL: |  1  2  3  4  5  6  7  8  9 10 11 12 13 14 15 16 17 18 19 20 21 22 |
---------------+-------------------------------------------------------------------+-----
Axes           | 3 4 5 10 11 13 14 16 17 18 19 20 21 22 | 22.3
Fighting       | 3 4 7 8 9 10 12 13 15 17 18 19 20 | 20.2
Armour         | 5 6 7 8 9 10 11 12 13 14 15 16 17 18 | 18.0
Invocations    | 3 5 8 10 12 14 16 17 18 19 20 21 22 23 | 23.4
Shields        | 4 |  4.9
Dodging        | 4 8 10 | 10.9
Throwing       | |  1.7

Action                     |  1- 3 |  4- 6 |  7- 9 | 10-12 | 13-15 | 16-18 | 19-21 | 22-24 || total
---------------------------+-------+-------+-------+-------+-------+-------+-------+-------++-------
  Melee: War axe           |   105 |   125 |   269 |       |       |       |       |       ||   499
         Tailslap          |    12 |    12 |    46 |    69 |   134 |   152 |   220 |   154 ||   799
         Executioner's axe |       |       |     3 |   401 |   759 |   975 |   941 |   702 ||  3781
         Hand axe          |       |       |       |     6 |    10 |       |       |       ||    16
         Unarmed           |       |       |       |       |       |       |    46 |       ||    46
  Throw: Throwing net      |       |     3 |       |       |       |       |       |       ||     3
         Javelin           |       |       |    21 |    13 |     2 |       |       |       ||    36
 Invoke: Grand Finale      |       |       |       |     1 |       |     3 |     6 |       ||    10
  Evoke: Wand              |       |       |    28 |     9 |     1 |     9 |     2 |       ||    49
    Use: Scroll            |     1 |     8 |     8 |     6 |     8 |     7 |     4 |       ||    42
         Potion            |       |     1 |     1 |     2 |     3 |     8 |    11 |       ||    26
   Stab: Distracted        |       |     1 |       |       |     1 |       |     1 |       ||     3
         Paralysed         |       |       |     2 |    34 |    83 |   125 |   181 |    74 ||   499
         Invisible         |       |       |       |       |       |       |     9 |       ||     9
 Armour: Leather armour    |    45 |       |       |       |       |       |       |       ||    45
         Ring mail         |    43 |    57 |       |       |       |       |       |       ||   100
         Chain mail        |       |    36 |   100 |       |       |       |       |       ||   136
         Plate armour      |       |       |   221 |       |       |       |       |       ||   221
         Crystal plate arm |       |       |       |   558 |   583 |   774 |   546 |   434 ||  2895
         Skin              |       |       |       |       |       |       |    21 |       ||    21
  Dodge: Dodged            |   106 |    55 |   134 |    89 |   118 |   120 |   120 |   138 ||   880
  Block: Other             |       |       |    44 |   109 |   135 |   257 |   228 |   217 ||   990
         Reflection        |       |       |       |     4 |     3 |    44 |    42 |     2 ||    95

Table legend: (Time is in decaauts)
 A = Elapsed time spent in this place.
 B = Non-inter-level travel time spent in this place.
 C = Inter-level travel time spent in this place.
 D = Time resting spent in this place.
 E = Time spent auto-exploring this place.
 F = Levels seen in this place.
 G = Mean time per level.
                   A        B        C        D        E       F      G
               +--------+--------+--------+--------+--------+-----+--------+
         Total |  55610 |  51937 |   3673 |   7571 |  33972 |  47 | 1183.2 |
       Dungeon |  17320 |  15489 |   1831 |   2108 |  10586 |  15 | 1154.7 |
        Temple |     23 |     23 |      0 |      0 |      0 |   1 |   23.0 |
          Lair |   5381 |   4775 |    606 |     95 |   3706 |   5 | 1076.2 |
        Shoals |   5431 |   5164 |    267 |    978 |   3337 |   4 | 1357.8 |
   Spider Nest |   5939 |   5713 |    226 |    218 |   4651 |   4 | 1484.8 |
  Orcish Mines |   2168 |   1893 |    275 |    544 |    935 |   2 | 1084.0 |
   Elven Halls |   4815 |   4577 |    238 |   1024 |   2409 |   3 | 1605.0 |
        Vaults |  10388 |  10162 |    226 |   1576 |   6983 |   5 | 2077.6 |
        Depths |    215 |    215 |      0 |     98 |      0 |   1 |  215.0 |
         Abyss |     14 |     14 |      0 |      0 |      0 |   1 |   14.0 |
        Bazaar |    261 |    261 |      0 |      0 |    133 |   1 |  261.0 |
         Trove |    133 |    133 |      0 |      0 |      0 |   1 |  133.0 |
        Bailey |   1395 |   1395 |      0 |    417 |    323 |   1 | 1395.0 |
      Ice Cave |    889 |    889 |      0 |    286 |    411 |   1 |  889.0 |
       Volcano |    477 |    477 |      0 |    107 |    254 |   1 |  477.0 |
      Gauntlet |    752 |    752 |      0 |    118 |    240 |   1 |  752.0 |
               +--------+--------+--------+--------+--------+-----+--------+

Top non-repeatable levels by time:
Vaults:5: 2358 daAuts
Vaults:4: 2248 daAuts
Shoals:4: 2080 daAuts
Vaults:3: 2017 daAuts
Vaults:1: 1945 daAuts
    D:12: 1905 daAuts
Vaults:2: 1818 daAuts
   Elf:1: 1793 daAuts
   Elf:2: 1672 daAuts
    D:10: 1630 daAuts
Shoals:3: 1608 daAuts
     D:8: 1545 daAuts
Spider:3: 1529 daAuts
Spider:1: 1522 daAuts
Spider:4: 1494 daAuts
